 Dungeon Crawl Stone Soup version 0.24.0-123-gd5b16e6ec5 (webtiles) character file.

Game seed: 2685975092272701348, levelgen mode: deterministic

725 Nattfarinn the Skirmisher (level 7, 0/64 HPs)
             Began as a Centaur Hunter on Jan 19, 2020.
             Killed by nerve-wracking pain
             ... invoked by an orc priest
              (1 damage)
             ... on level 5 of the Dungeon.
             The game lasted 00:09:14 (3898 turns).

Nattfarinn the Skirmisher (Centaur Hunter)          Turns: 3898, Time: 00:09:14

Health: 0/64       AC:  7    Str: 14    XL:     7   Next: 43%
Magic:  7/7        EV:  9    Int: 10    God:
Gold:   170        SH:  0    Dex: 12    Spells: 6/6 levels left

rFire    . . .     SeeInvis .   a - +1 hand crossbow
rCold    . . .     Gourm    .   (no shield)
rNeg     . . .     Faith    .   q - +3 leather armour
rPois    .         Spirit   .   (no helmet)
rElec    .         Reflect  .   (no cloak)
rCorr    .         Harm     .   (no gloves)
MR       .....                  (no barding)
Stlth    +.........             (no amulet)
HPRegen  0.20/turn              (no ring)
MPRegen  0.10/turn              (no ring)

@: about to teleport, very quick
A: large, hooves 3, deformed body, speed 2, tough skin 3
a: no special abilities


You were on level 5 of the Dungeon.
You were not hungry.

You visited 1 branch of the dungeon, and saw 5 of its levels.

You collected 170 gold pieces.

Inventory:

Hand Weapons
 a - a +1 hand crossbow (weapon)
 b - a +1 falchion of holy wrath
Missiles
 d - 100 bolts (quivered)
Armour
 c - a +1 leather armour
 q - a +3 leather armour (worn)
Wands
 t - a wand of enslavement (11)
Scrolls
 e - 5 scrolls of remove curse
 g - 4 scrolls of identify
 m - 3 scrolls of teleportation
 p - a scroll of fog
 r - 2 scrolls of enchant armour
 s - a scroll of amnesia {unknown}
Potions
 h - 3 potions of brilliance {unknown}
 j - 2 potions of curing
 k - a potion of heal wounds {unknown}
 l - a potion of agility {unknown}
 n - a potion of lignification {unknown}
 o - a potion of flight {unknown}
Comestibles
 f - 13 rations
 i - 4 chunks of flesh


   Skills:
 * Level 6.9 Fighting
   Level 1.1 Polearms
 + Level 6.7 Crossbows
 - Level 1.3 Dodging
 - Level 0.4 Stealth


You had 6 spell levels left.
You didn't know any spells.
Your spell library was empty.

Dungeon Overview and Level Annotations

Branches:
Dungeon (5/15)
 Temple: D:4-7

Altars:
Ashenzari
Hepliaklqana
Ru
The Shining One


Innate Abilities, Weirdness & Mutations

You have hooves in place of feet.
Armour fits poorly on your strangely shaped body.
You cover ground very quickly.
You have extremely tough skin. (AC +3)


Message History

Press: ? - help, Shift-Dir - straight line, f/p - orc priest
Aim: an orc priest, wearing a +0 ring mail (almost dead)
You shoot a bolt. The orc shouts!
The bolt hits the orc priest but does no damage.
The orc priest is almost dead.
The orc priest drinks a potion.
The orc priest flickers and vanishes!
Deactivating autopickup; reactivate with Ctrl-A.
An orc priest comes into view. It is wielding a -3 flail.
As you read the scroll of teleportation, it crumbles to dust.
You feel strangely unstable.
You hear something call down the wrath of Beogh upon you.
Beogh smites you!
* * * LOW HITPOINT WARNING * * *
An orc comes into view.
It is wielding a +1 dagger of draining and carrying a wand of iceblast (7).
As you read the scroll of fog, it crumbles to dust.
The scroll dissolves into smoke.
The orc shouts!
Pain shoots through your body!
You die...

.... .......
............
.....(..... #
.......o..######(#.( #
##........oo##§§((....
.##......<...{)§@§§(#
.. ............§§§..#
.. #.#..##(....§§§§.#
#.##...###.$.(...(..#
..................(.#
...#..####........(.#
..................(.#
###..÷###.......(..)#
....................?.


You could see an orc priest and 2 orcs.

Vanquished Creatures
  2 phantoms (D:5)
  An ogre (D:5)
  A scorpion (D:4)
  2 howler monkeys (D:5)
  A hound (D:3)
  A jelly (D:5)
  An orc priest (D:3)
  A centaur skeleton (D:5)
  2 worker ants
  A hound skeleton (D:5)
  5 adders
  2 shadow imps
  An adder zombie (D:4)
  A worm (D:2)
  A leopard gecko (D:1)
  8 orcs
  6 bats
  4 giant cockroaches
  7 goblins
  8 hobgoblins
  9 jackals
  6 kobolds
  A ball python (D:4)
  3 frilled lizards
  2 jackal skeletons (D:5)
  7 rats
84 creatures vanquished.

Notes
Turn   | Place    | Note
-------+----------+-------------------------------------------
     0 | D:1      | Nattfarinn the Centaur Hunter began the quest for the Orb.
     0 | D:1      | Reached XP level 1. HP: 17/17 MP: 1/1
    75 | D:1      | Reached XP level 2. HP: 10/25 MP: 2/2
   920 | D:2      | Reached skill level 1 in Polearms
   920 | D:2      | Reached XP level 3. HP: 12/30 MP: 3/3
  2150 | D:3      | Reached XP level 4. HP: 23/38 MP: 4/4
  2152 | D:3      | Reached skill level 5 in Crossbows
  2616 | D:3      | Reached XP level 5. HP: 36/46 MP: 5/5
  2900 | D:4      | Reached skill level 5 in Fighting
  3047 | D:4      | Found a glowing golden altar of the Shining One.
  3048 | D:4      | Found a sacrificial altar of Ru.
  3048 | D:4      | Found a hazy altar of Hepliaklqana.
  3049 | D:4      | Found a shattered altar of Ashenzari.
  3642 | D:5      | Entered Level 5 of the Dungeon
  3650 | D:5      | Noticed an ogre
  3656 | D:5      | Killed an ogre
  3656 | D:5      | Reached XP level 6. HP: 54/56 MP: 6/6
  3803 | D:5      | Reached XP level 7. HP: 32/64 MP: 7/7
  3897 | D:5      | HP: 1/64 [something (14)]
  3898 | D:5      | Killed from afar by an orc priest

Levels and vault maps discovered:
D:1:      dpeg_arrival_round_c, layout_basic
D:2:      layout_basic, first_ration
D:3:      layout_basic, minmay_cut_off
D:4:      layout_basic, chequers_temple_overflow_statue_of_worship
D:5:      layout_rooms

Skill      XL: |  1  2  3  4  5  6 |
---------------+-------------------+-----
Polearms       | 1 |  1.1
Fighting       | 3 4 5 6 |  6.9
Crossbows      | 5 6 |  6.7
Dodging        | |  1.3
Stealth        | |  0.4

Action                   |  1- 3 |  4- 6 |  7- 9 || total
-------------------------+-------+-------+-------++-------
Melee: Spear             |   104 |       |       ||   104
       Kick              |    33 |    21 |       ||    54
       Short sword       |    57 |     6 |       ||    63
       Falchion          |       |    90 |       ||    90
 Fire: Hand crossbow     |     9 |    16 |    34 ||    59
  Use: Scroll            |     5 |     1 |     2 ||     8
       Potion            |     1 |     1 |       ||     2
  Eat: Chunk             |     3 |     5 |       ||     8
Armor: Leather armour    |    59 |    38 |    13 ||   110
Dodge: Dodged            |    90 |    62 |     5 ||   157
       Rpst.: Falchion   |       |    19 |       ||    19
